 Dungeon Crawl Stone Soup version 0.27-a0-46-g34d46f0a3f (webtiles) character file.

Game seed: 17873400973355166045

12 Borgoz the Ruffian (level 2, 0/25 HPs)
             Began as a Ghoul Gladiator on Jan 6, 2021.
             Slain by a leopard gecko (4 damage)
             ... on level 1 of the Dungeon.
             The game lasted 00:00:28 (255 turns).

Borgoz the Ruffian (Ghoul Gladiator)                 Turns: 255, Time: 00:00:29

Health: 0/25       AC:  4    Str: 17    XL:     2   Next: 33%
Magic:  1/1        EV: 12    Int:  3    God:
Gold:   17         SH:  0    Dex: 10    Spells: 1/1 levels left

rFire    . . .     SeeInvis .     - Unarmed
rCold    + . .     Faith    .   (no shield)
rNeg     + + +     Spirit   .   a - +0 leather armour
rPois    ∞         Reflect  .   b - +0 helmet
rElec    .         Harm     .   (no cloak)
rCorr    .         Rampage  .   (no gloves)
Will     .....                  (no boots)
Stlth    +.........             (no amulet)
HPRegen  0.00/turn              (no ring)
MPRegen  0.07/turn              (no ring)

@: attractive
A: claws 1, cold resistance 1, negative energy resistance 3, inhibited
regeneration, torment resistance, unbreathing
a: no special abilities


You were on level 1 of the Dungeon.
You visited 1 branch of the dungeon, and saw 1 of its levels.

You collected 17 gold pieces.

Inventory:

Missiles
 c - 2 throwing nets (quivered)
Armour
 a - a +0 leather armour (worn)
 b - a +0 helmet (worn)
Scrolls
 d - a scroll of remove curse {unknown}
 e - 2 scrolls of identify {unknown}


   Skills:
 + Level 2.5 Fighting
 - Level 1.7 Throwing
 + Level 0.6 Armour
 + Level 2.8 Dodging
 + Level 3.5 Unarmed Combat


You had one spell level left.
You didn't know any spells.
Your spell library was empty.

Dungeon Overview and Level Annotations

Branches:
Dungeon (1/15)

Altars:


Innate Abilities, Weirdness & Mutations

You thrive by killing the living.
You are immune to poison.
You have sharp fingernails.
Your flesh is cold resistant. (rC+)
You are immune to negative energy. (rN+++)
You do not regenerate when monsters are visible.
You are immune to unholy pain and torment.
You can survive without breathing.


Message History

It was a potion of attraction.
You feel attractive to monsters. The bat closely misses you.
The kobold hits you with a cursed +0 dagger.
* * * LOW HITPOINT WARNING * * *
The gnoll closely misses you.
The leopard gecko bites you but does no damage.
Throw: 3 throwing nets
Press: ? - help, Q - select action Shift-Dir - straight line, f - gnoll
Aim: a gnoll, wielding a +0 halberd You throw a throwing net.
The throwing net hits the gnoll.
The gnoll is caught in the net!
The bat hits you but does no damage. The kobold hits you but does no damage.
The bat hits you but does no damage.
The leopard gecko completely misses you.
You scratch the gnoll.
The gnoll is moderately wounded.
The bat barely misses you.
The gnoll struggles against the net.
The kobold barely misses you. The leopard gecko bites you.
You die...

######### #.......#
#.......# #.......# ###
#.......# #.##
##....b..# #..
......g.l# #.#
#(...K@.###.# #######
......r.†....###.....##
##.......##..##.......##
#...........#.........#
###.#.#...............#
#.#.................. .
#..#...............
##.......>............
..###.....#.......#.


You could see a gnoll (caught), a leopard gecko, a bat, a kobold and a rat.

Vanquished Creatures
  2 giant cockroaches (D:1)
  3 goblins (D:1)
  2 hobgoblins (D:1)
  A kobold (D:1)
  3 rats (D:1)
11 creatures vanquished.

Notes
Turn   | Place    | Note
-------+----------+-------------------------------------------
     0 | D:1      | Borgoz the Ghoul Gladiator began the quest for the Orb.
     0 | D:1      | Reached XP level 1. HP: 17/17 MP: 0/0
    46 | D:1      | Reached XP level 2. HP: 12/25 MP: 1/1
   255 | D:1      | Slain by a leopard gecko

Illustrated notes

Levels and vault maps discovered:
D:1:      mushboom_english_gardens, layout_rooms, st_stairs_7

Action                   || total
-------------------------++-------
Melee: Unarmed           ||    38
Throw: Throwing net      ||     1
  Use: Potion            ||     2
Armor: Leather armour    ||    16
Dodge: Dodged            ||    31

Table legend: (Time is in decaauts)
 A = Elapsed time spent in this place.
 B = Non-inter-level travel time spent in this place.
 C = Inter-level travel time spent in this place.
 D = Time resting spent in this place.
 E = Time spent auto-exploring this place.
 F = Levels seen in this place.
 G = Mean time per level.
                   A        B        C        D        E       F      G
               +--------+--------+--------+--------+--------+-----+--------+
         Total |    253 |    253 |      0 |     83 |     92 |   1 |  253.0 |
       Dungeon |    253 |    253 |      0 |     83 |     92 |   1 |  253.0 |
               +--------+--------+--------+--------+--------+-----+--------+

Top non-repeatable levels by time:
     D:1: 253 daAuts
